Map: 光影交错-天梯版

Players

JieShi

  • Race: Protoss Protoss
  • League: Master

iGMacSed (MacSed) - Winner!

  • Race: Protoss Protoss
  • League: Master

Event: DreamHack SC2 Masters 2020 Winter

VOD

Have the link to the VOD?

Description

Time

  • Played on: Oct. 29, 2020, 8:17 a.m.
  • Length: 17:43

All games in this series

Show
View Real Time Build Order
Export as new Build Order

JieShi Protoss 

Build Orders:  

Get SALT Encoding   

  12  0:00  Probe  
  13  0:12  Probe  
  14  0:17  Pylon  
  14  0:24  Probe (Chrono Boost)  
  15  0:36  Probe (Chrono Boost)  
  15  0:37  Gateway  
  16  0:44  Probe (Chrono Boost)  
  16  0:45  Assimilator  
  17  0:51  Probe  
  17  0:54  Assimilator  
  18  1:03  Probe (Chrono Boost)  
  19  1:07  Gateway  
  19  1:13  Probe (Chrono Boost)  
  19  1:18  Probe (Chrono Boost)  
  20  1:25  Cybernetics Core  
  21  1:29  Probe  
  22  1:33  Pylon  
  22  1:41  Probe  
  23  1:53  Probe  
  24  1:58  Warp Gate (Chrono Boost)  
  24  2:01  Stalker  
  24  2:02  Stalker  
  28  2:08  Pylon  
  28  2:17  Shield Battery  
  28  2:23  Pylon  
  28  2:34  Adept x2  
  32  2:47  Nexus  
  32  2:50  Probe  
  33  3:03  Probe  
  33  3:04  Adept  
  36  3:06  Adept  
  38  3:14  Pylon  
  38  3:15  Probe  
  39  3:32  Twilight Council, Probe  
  40  3:34  Shield Battery  
  40  3:42  Adept  
  40  3:46  Adept  
  44  3:49  Probe  
  44  3:55  Shield Battery  
  45  4:01  Probe (Chrono Boost)  
  46  4:07  Probe (Chrono Boost)  
  47  4:13  Probe (Chrono Boost), Dark Shrine  
  49  4:17  Resonating Glaives (Chrono Boost)  
  49  4:18  Probe (Chrono Boost)  
  49  4:20  Probe (Chrono Boost)  
  49  4:23  Probe (Chrono Boost)  
  50  4:27  Probe  
  52  4:35  Probe  
  53  4:41  Adept x2  
  53  4:43  Probe  
  58  4:47  Probe  
  59  4:59  Probe  
  61  5:03  Pylon  
  60  5:08  Adept  
  62  5:14  Pylon  
  62  5:17  Pylon  
  62  5:18  Robotics Facility  
  62  5:21  Assimilator, Probe x2  
  64  5:25  Dark Templar, Pylon  
  66  5:30  Dark Templar  
  66  5:33  Probe  
  66  5:34  Probe  
  68  5:40  Blink (Chrono Boost)  
  68  5:53  Gateway  
  68  5:54  Probe x2  
  68  5:56  Gateway  
  68  5:58  Gateway  
  66  6:04  Stalker, Sentry  
  66  6:08  Warp Prism (Chrono Boost)  
  72  6:23  Pylon  
  72  6:24  Forge  
  72  6:30  Nexus  
  72  6:36  Observer (Chrono Boost)  
  72  6:39  Pylon  
  73  6:41  Dark Templar  
  75  6:47  Probe x2  
  77  6:54  Immortal (Chrono Boost)  
  77  6:59  Protoss Ground Weapons Level 1 (Chrono Boost)  
  77  7:00  Stalker x2  
  81  7:07  Dark Templar  
  83  7:13  Probe x2  
  85  7:16  Assimilator  
  85  7:25  Probe x2  
  87  7:31  Observer (Chrono Boost)  
  86  7:37  Probe  
  86  7:38  Probe  
  78  7:44  Immortal (Chrono Boost)  
  78  7:46  Dark Templar  
  78  7:49  Adept  
  78  7:50  Probe  
  78  7:51  Adept  
  89  7:54  Photon Cannon  
  89  7:57  Zealot x2  
  93  7:58  Probe  
  93  8:02  Probe  
  92  8:10  Probe (Chrono Boost)  
  93  8:15  Probe (Chrono Boost)  
  92  8:21  Gateway, Immortal (Chrono Boost)  
  92  8:22  Gateway, Probe (Chrono Boost)  
  92  8:24  Gateway  
  98  8:31  Photon Cannon, Probe (Chrono Boost)  
  99  8:37  Photon Cannon  
  99  8:38  Shield Battery, Probe  
  99  8:48  Charge (Chrono Boost)  
  99  8:50  Stalker x2, Probe, Sentry x2  
  108  8:59  Assimilator  
  108  9:01  Adept  
  110  9:04  Assimilator  
  110  9:07  Pylon  
  110  9:13  Protoss Ground Weapons Level 2  
  108  9:20  Zealot x4  
  108  9:23  Templar Archives  
  116  9:24  Pylon  
  116  9:26  Pylon  
  114  9:41  Stalker x2  
  114  9:42  Stalker  
  114  9:45  Immortal (Chrono Boost)  
  124  9:46  Pylon  
  122  10:02  Zealot x2  
  122  10:03  Zealot x3  
  130  10:07  Zealot  
  130  10:08  Zealot x2  
  136  10:20  Photon Cannon  
  136  10:21  Shield Battery  
  136  10:28  High Templar x2, Zealot x2  
  140  10:29  High Templar x2  
  140  10:32  Pylon  
  140  10:33  Archon, Probe  
  140  10:34  Archon  
  149  10:42  Pylon  
  129  10:54  Zealot x2  
  129  10:55  Zealot x2  
  134  10:58  Observer  
  124  11:15  High Templar  
  124  11:16  High Templar x3, Zealot x3  
  124  11:17  Zealot  
  140  11:20  Observer (Chrono Boost)  
  140  11:21  Archon  
  140  11:22  Archon  
  141  11:35  Nexus  
  141  11:37  Photon Cannon  
  141  11:39  Shield Battery  
  141  11:41  Observer (Chrono Boost)  
  141  11:42  Pylon  
  141  11:46  Gateway, Zealot x3  
  148  11:47  Zealot  
  148  11:48  Stalker x2, Zealot  
  148  11:49  Zealot  
  148  11:54  Observer (Chrono Boost)  
  109  12:19  Zealot x3  
  109  12:20  Zealot x4  
  109  12:21  Immortal  
  89  12:33  Stalker  
  89  12:38  Probe x3  
  89  12:39  Stalker  
  89  12:40  Stalker x2  
  89  12:41  Stalker x4  
  106  12:57  Probe x4  
  98  12:58  High Templar  
  98  12:59  High Templar  
  98  13:03  High Templar  
  104  13:06  High Templar, Zealot x4  
  104  13:07  Archon, Protoss Ground Weapons Level 3 (Chrono Boost)  
  104  13:09  Stargate  
  104  13:11  Archon  
  114  13:16  Stargate  
  114  13:17  Probe (Chrono Boost)  
  117  13:23  Immortal (Chrono Boost)  
  117  13:24  Probe x2 (Chrono Boost)  
  117  13:26  Probe (Chrono Boost)  
  122  13:28  Observer  
  122  13:31  Probe (Chrono Boost)  
  123  13:34  High Templar x2  
  123  13:35  Zealot x3  
  123  13:40  Archon  
  131  13:43  Zealot  
  131  13:44  Zealot  
  131  13:45  Assimilator  
  131  13:46  Immortal  
  135  13:49  Assimilator  
  135  13:53  Phoenix (Chrono Boost)  
  135  13:54  Photon Cannon  
  137  14:00  Phoenix (Chrono Boost)  
  143  14:10  Probe (Chrono Boost)  
  143  14:14  Phoenix (Chrono Boost)  
  143  14:15  Phoenix (Chrono Boost)  
  148  14:20  Probe (Chrono Boost)  
  148  14:21  High Templar x2, Zealot x4  
  148  14:22  Zealot  
  163  14:25  Archon, Probe (Chrono Boost)  
  163  14:29  Zealot x2  
  163  14:30  Phoenix (Chrono Boost)  
  168  14:32  Observer (Chrono Boost)  
  168  14:37  Photon Cannon  
  171  14:42  Photon Cannon  
  171  14:43  Photon Cannon  
  171  14:44  Observer  
  171  14:45  Gateway  
  171  14:47  Pylon  
  171  14:50  Pylon  
  171  14:52  Phoenix (Chrono Boost)  
  171  14:54  Phoenix (Chrono Boost)  
  175  15:00  Pylon  
  175  15:03  Immortal (Chrono Boost)  
  179  15:09  Phoenix  
  172  15:21  High Templar  
  172  15:22  High Templar  
  172  15:23  High Templar x2  
  172  15:24  Zealot x2  
  172  15:25  Zealot x2  
  188  15:28  Archon  
  188  15:34  Zealot  
  151  15:45  Zealot  
  151  15:46  Zealot x2  
  126  15:55  Archon  
  113  15:58  Zealot x2  
  113  15:59  Zealot x3  
  113  16:00  Zealot x2  
  121  16:09  High Templar  
  121  16:10  High Templar  
  123  16:12  Observer (Chrono Boost)  
  124  16:22  Archon  
  100  16:27  Zealot x4  
  106  16:37  Observer  
  101  16:44  High Templar x2  
  95  16:54  Archon  
Show
View Real Time Build Order
Export as new Build Order

iGMacSed Protoss - Winner!

Build Orders: Blink Stalkers 

Get SALT Encoding   

  12  0:00  Probe  
  13  0:12  Probe  
  14  0:16  Pylon  
  14  0:24  Probe (Chrono Boost)  
  16  0:36  Gateway, Probe (Chrono Boost)  
  16  0:43  Probe (Chrono Boost)  
  16  0:46  Assimilator  
  17  0:51  Probe  
  18  1:03  Probe (Chrono Boost)  
  19  1:04  Assimilator  
  19  1:12  Probe (Chrono Boost)  
  19  1:13  Gateway  
  19  1:17  Probe (Chrono Boost)  
  20  1:23  Cybernetics Core  
  21  1:29  Probe  
  22  1:35  Pylon  
  22  1:41  Probe  
  23  1:53  Probe  
  24  2:00  Warp Gate  
  26  2:01  Sentry  
  26  2:04  Stalker  
  26  2:06  Probe  
  29  2:15  Pylon  
  29  2:36  Stalker  
  29  2:37  Sentry  
  32  2:45  Nexus  
  32  2:51  Shield Battery  
  32  2:54  Probe  
  33  3:06  Probe  
  33  3:11  Twilight Council  
  34  3:19  Probe  
  35  3:29  Pylon  
  35  3:31  Probe  
  36  3:40  Blink (Chrono Boost)  
  36  3:43  Shield Battery, Probe  
  37  3:50  Stalker  
  37  3:51  Stalker  
  41  4:00  Probe x2  
  45  4:17  Robotics Facility  
  45  4:18  Adept x2  
  45  4:19  Probe  
  48  4:27  Probe  
  49  4:31  Probe  
  49  4:37  Pylon  
  50  4:39  Stalker  
  50  4:40  Probe  
  50  4:44  Probe  
  54  4:47  Stalker  
  54  4:52  Probe  
  57  4:56  Probe  
  55  5:04  Forge, Probe  
  56  5:08  Probe (Chrono Boost)  
  56  5:10  Stalker  
  56  5:11  Observer  
  59  5:16  Probe (Chrono Boost)  
  59  5:20  Probe (Chrono Boost)  
  62  5:23  Pylon  
  62  5:28  Observer  
  62  5:31  Pylon  
  62  5:35  Assimilator, Protoss Ground Weapons Level 1 (Chrono Boost)  
  62  5:41  Probe x2  
  64  5:48  Stalker x2  
  68  5:53  Probe x2  
  70  6:02  Dark Shrine  
  70  6:05  Probe x2  
  72  6:11  Stalker x2  
  78  6:18  Pylon  
  78  6:20  Pylon  
  76  6:26  Photon Cannon, Pylon  
  76  6:30  Nexus  
  76  6:39  Gateway  
  76  6:40  Gateway  
  76  6:44  Stalker x2  
  80  6:47  Observer  
  79  6:57  Probe x2  
  79  6:59  Gateway  
  79  7:00  Gateway  
  81  7:02  Pylon  
  81  7:07  Observer (Chrono Boost)  
  81  7:09  Probe x2  
  83  7:16  Charge  
  83  7:18  Dark Templar x2  
  83  7:21  Probe x2  
  86  7:33  Probe (Chrono Boost)  
  86  7:36  Probe (Chrono Boost)  
  78  7:45  Probe (Chrono Boost)  
  78  7:50  Probe (Chrono Boost)  
  78  7:51  Probe x2 (Chrono Boost), Immortal  
  84  7:54  Pylon  
  84  7:57  Probe  
  86  8:00  Probe  
  83  8:07  Stalker x4  
  91  8:13  Protoss Ground Weapons Level 2 (Chrono Boost)  
  91  8:16  Probe  
  91  8:19  Probe x2  
  94  8:28  Probe (Chrono Boost)  
  94  8:29  Observer  
  94  8:31  Probe x2 (Chrono Boost)  
  94  8:32  Pylon  
  97  8:40  Probe (Chrono Boost)  
  100  8:43  Robotics Bay, Probe x2 (Chrono Boost)  
  100  8:47  Probe (Chrono Boost)  
  100  8:48  Probe x2 (Chrono Boost)  
  101  8:53  Photon Cannon  
  101  8:54  Probe  
  103  8:56  Immortal (Chrono Boost)  
  103  8:57  Probe x2  
  110  9:06  Photon Cannon  
  105  9:20  Probe x2  
  105  9:22  Assimilator  
  107  9:25  Robotics Facility  
  107  9:27  Probe  
  107  9:29  Assimilator  
  107  9:30  Disruptor (Chrono Boost)  
  111  9:32  Probe  
  111  9:35  Probe  
  113  9:39  Pylon, Probe  
  113  9:41  Photon Cannon  
  113  9:44  Shield Battery, Probe  
  115  9:48  Gateway  
  115  9:51  Gateway  
  115  10:02  Probe x2  
  115  10:04  Probe  
  115  10:05  Disruptor (Chrono Boost)  
  115  10:06  Assimilator  
  117  10:10  Disruptor (Chrono Boost), Pylon  
  120  10:14  Probe x2  
  120  10:20  Robotics Facility  
  120  10:27  Stalker x3  
  126  10:31  Shadow Stride, Pylon  
  126  10:34  Disruptor  
  129  10:38  Gateway  
  129  10:40  Gateway  
  129  10:42  Disruptor  
  124  10:54  Stalker x3  
  108  10:58  Dark Templar  
  100  11:04  Dark Templar  
  100  11:05  Zealot x2  
  106  11:17  Disruptor, Zealot  
  107  11:22  Shield Battery  
  107  11:24  Shield Battery x2  
  105  11:29  Zealot x3  
  105  11:31  Disruptor  
  114  11:36  Zealot x2  
  118  11:49  Archon  
  118  11:56  Stalker x3  
  118  11:57  Zealot x4  
  132  12:07  Zealot x3  
  104  12:20  Zealot x4  
  101  12:25  Probe  
  101  12:29  Stalker x3  
  101  12:30  Stalker  
  101  12:32  Warp Prism (Chrono Boost)  
  105  12:43  Dark Templar x2  
  109  12:46  Stalker  
  107  12:57  Nexus  
  107  13:05  Dark Templar x2  
  111  13:10  Disruptor, Observer x2  
  116  13:13  Protoss Ground Weapons Level 3 (Chrono Boost)  
  116  13:18  Gravitic Boosters  
  116  13:21  Stalker  
  116  13:24  Pylon  
  116  13:39  Dark Templar  
  116  13:40  Dark Templar x3  
  124  13:45  Photon Cannon  
  124  13:51  Dark Templar x2  
  124  13:55  Disruptor  
  131  14:00  Shield Battery  
  131  14:05  Probe x2  
  131  14:08  Disruptor  
  134  14:10  Stalker  
  136  14:17  Stalker  
  136  14:18  Stalker  
  136  14:24  Disruptor (Chrono Boost)  
  141  14:36  Disruptor (Chrono Boost)  
  144  14:48  Disruptor (Chrono Boost)  
  144  14:49  Dark Templar  
  149  14:56  Probe x4  
  149  14:58  Immortal (Chrono Boost)  
  157  15:00  Assimilator, Zealot x3  
  157  15:01  Assimilator  
  157  15:05  Zealot x2  
  157  15:06  Zealot  
  169  15:21  Stalker x4  
  169  15:25  Zealot  
  177  15:37  Stalker  
  172  15:46  Zealot x6  
  136  16:00  Stalker x4  
  136  16:02  Disruptor (Chrono Boost)  
  133  16:07  Stalker x2  
  133  16:13  Zealot x2  
  137  16:24  Stalker x3  
  143  16:30  Disruptor x2 (Chrono Boost)  
  128  16:42  Stalker  
  130  16:48  Zealot x2  
  122  17:04  Zealot x3  
  113  17:14  Stalker  
Tags
 
Add a new tag
Caveats
  • Supply blocks, unpowered buildings, or Contaminate may cause inaccurate times.
  • Supply counts are checked every 10 seconds.